 Dungeon Crawl Stone Soup version 0.30-a0-166-g5d06c95188 (webtiles) character file.

Game seed: 6669014134999208240

633 qw the Chopper (level 7, -1/43 HPs)
             Began as a Gargoyle Fighter on Sept 28, 2022.
             Slain by a gnoll
             ... wielding a +0 spear
             ... led by a gnoll sergeant
              (4 damage)
             ... on level 5 of the Dungeon.
             The game lasted 00:02:00 (4891 turns).

qw the Chopper (Gargoyle Fighter)                   Turns: 4891, Time: 00:02:01

Health: -1/43      AC: 12    Str: 22    XL:     7   Next: 49%
Magic:  7/7        EV:  9    Int:  8    God:
Gold:   258        SH:  4    Dex:  9    Spells: 6/6 levels left

rFire   . . .      SeeInvis .    Y - +0 war axe
rCold   . . .      Faith    .    c - +0 buckler
rNeg    + . .      Spirit   .    b - +0 scale mail
rPois   inf        Reflect  .    a - +0 helmet
rElec   +          Harm     .    (no cloak)
rCorr   .          Rampage  .    (no gloves)
Will    .....                    (no boots)
Stlth   ..........               (no amulet)
HPRegen 0.14/turn                (no ring)
MPRegen 0.10/turn                (no ring)

@: no status effects
A: sickness immunity, AC +4, negative energy resistance 1, electricity
resistance, torment resistance 1, petrification resistance
a: no special abilities


You were on level 5 of the Dungeon.
You visited 1 branch of the dungeon, and saw 5 of its levels.

You collected 258 gold pieces.


Innate Abilities, Weirdness & Mutations

You are immune to sickness and miasma.
Your stone body is resilient. (AC +4)
You are immune to poison.
You resist negative energy. (rN+)
You are resistant to electric shocks. (rElec)
You are resistant to unholy torment.
You are immune to petrification.


   Skills:
 - Level 4.1 Fighting
 + Level 6.9 Axes
 - Level 3.2 Armour
 - Level 1.1 Dodging
 - Level 3.2 Shields


You had 6 spell levels left.
You didn't know any spells.
Your spell library was empty.

Inventory:

Hand Weapons
 f - a +0 flail
 Y - a +0 war axe (weapon)
Armour
 a - a +0 helmet (worn)
 b - a +0 scale mail (worn)
 c - a +0 buckler (worn)
Jewellery
 h - a ring of fire
Scrolls
 l - a scroll of identify
Potions
 d - a potion of might
 e - a potion of curing
 g - a potion of brilliance {unknown}
 i - a potion of berserk rage {unknown}
 k - a potion of heal wounds {unknown}
 o - a potion of flight {unknown}

Dungeon Overview and Level Annotations

Branches:
Dungeon (5/15)
 Temple: D:4-7

Altars:
Xom


Message History

The centaur hits you but does no damage.
The centaur kicks you but does no damage.
You slash the centaur!
You kill the centaur!
You start resting.
HP restored.
Things that are here:
a +0 shortbow; a centaur corpse
Found a stone staircase leading down.
Enter note: A gnoll comes into view. It is wielding a +0 halberd.
A gnoll sergeant comes into view.
It is wielding a +2 spear of freezing. 2 gnolls come into view.
The gnoll sergeant shouts!
The gnoll shouts! x2
The gnoll closely misses you.
You hit the gnoll sergeant.
The gnoll sergeant is lightly wounded.
The gnoll throws a throwing net.
The throwing net completely misses you.
The gnoll sergeant hits you with a +2 spear of freezing!
The gnoll sergeant freezes you.
The gnoll hits you from afar with a +0 halberd!
You hit the gnoll sergeant.
The gnoll sergeant is moderately wounded.
You block the gnoll's attack.
The gnoll sergeant hits you with a +2 spear of freezing!
The gnoll sergeant freezes you.
You slash the gnoll sergeant!
The gnoll sergeant is heavily wounded.
The gnoll hits you from afar with a +0 halberd.
The gnoll sergeant hits you with a +2 spear of freezing.
The gnoll sergeant freezes you. The gnoll closely misses you.
You slash the gnoll sergeant!
The gnoll sergeant is almost dead.
The gnoll closely misses you. The gnoll barely misses you.
The gnoll sergeant hits you with a +2 spear of freezing.
The gnoll sergeant freezes you.
The gnoll sergeant hits you with a +2 spear of freezing.
The gnoll sergeant freezes you. You block the gnoll's attack.
The gnoll hits you from afar with a +0 spear.
You die...

. .## .# ..## ..
...### #... .....
....#... #g..#
........ #gg#
........ #####.#
....... #...@g#
.....# #.###.#
#+#... #.# #.#
#.#... #.###.#######
#.#... #...........#
##.#.##
###.#.#####.###....#
#.#.#####.##..)..#
#.#.....#.###...##
#.#............####


You could see a gnoll sergeant and 3 gnolls.

Vanquished Creatures
  A centaur (D:5)
  A scorpion (D:3)
  A jelly (D:4)
  2 hounds (D:5)
  An orc priest (D:3)
  2 iguanas
  Ijyb (D:4)
  An orc wizard (D:3)
  10 adders
  A river rat (D:3)
  A shadow imp (D:5)
  A white imp (D:5)
  An ufetubus (D:4)
  5 worms
  2 dart slugs
  8 orcs
  7 endoplasms
  21 giant cockroaches
  13 goblins
  7 hobgoblins
  6 jackals
  6 kobolds
  8 quokkas
  8 ball pythons
  10 bats
  5 frilled lizards
  6 rats
136 creatures vanquished.

Notes
Turn   | Place    | Note
-------+----------+-------------------------------------------
     0 | D:1      | qw the Gargoyle Fighter began the quest for the Orb.
     0 | D:1      | Reached XP level 1. HP: 14/14 MP: 1/1
     0 | D:1      | 0 ||| qw: Version: 0.2-a-12-gaebbb33
     0 | D:1      | 0 ||| qw: Game counter: 1010
     0 | D:1      | 0 ||| qw: Always use a shield: true
     0 | D:1      | 0 ||| qw: God list: Okawaru
     0 | D:1      | 0 ||| qw: Allow faded altars: false
     0 | D:1      | 0 ||| qw: Do Orc after D:15 true
     0 | D:1      | 0 ||| qw: Do second Lair branch before Depths: true
     0 | D:1      | 0 ||| qw: Lair rune preference: random
     0 | D:1      | 0 ||| qw: Plans: Normal, Zot:1-4, God:TSO, Crypt, Tomb,
                  | Pan, Slime:5, Hells, Abyss, Orb
     0 | D:1      | 0 ||| PLANNING D:1-11
    43 | D:1      | Reached skill level 2 in Axes
   150 | D:1      | Reached XP level 2. HP: 17/19 MP: 2/2
   410 | D:1      | 410 ||| Stepping ~*~*~tactically~*~*~ (stealth).
   414 | D:1      | 414 ||| Stepping ~*~*~tactically~*~*~ (stealth).
   423 | D:1      | Reached skill level 3 in Axes
   424 | D:1      | 424 ||| Stepping ~*~*~tactically~*~*~ (stealth).
   433 | D:1      | Reached XP level 3. HP: 7/23 MP: 3/3
   457 | D:1      | 457 ||| Stepping ~*~*~tactically~*~*~ (stealth).
   464 | D:1      | 464 ||| Stepping ~*~*~tactically~*~*~ (stealth).
   773 | D:1      | Found a faded altar of an unknown god.
  1103 | D:1      | 1103 ||| READING scroll labelled VOIVIU WOKHIP.
  1104 | D:1      | 1104 ||| READING scroll labelled QURELEO GIKATT.
  1105 | D:1      | 1105 ||| DRINKING 2 sedimented ruby potions.
  1150 | D:2      | 1150 ||| DROPPING +0 whip.
  1495 | D:2      | Reached XP level 4. HP: 28/28 MP: 4/4
  1605 | D:2      | 1605 ||| FLEEEEING.
  1606 | D:2      | 1606 ||| FLEEEEING.
  1607 | D:2      | 1607 ||| FLEEEEING.
  1609 | D:2      | 1609 ||| FLEEEEING.
  1610 | D:2      | 1610 ||| FLEEEEING.
  1611 | D:2      | 1611 ||| FLEEEEING.
  1612 | D:2      | 1612 ||| FLEEEEING.
  1613 | D:2      | 1613 ||| FLEEEEING.
  1614 | D:2      | 1614 ||| FLEEEEING.
  1615 | D:2      | 1615 ||| FLEEEEING.
  1616 | D:2      | 1616 ||| FLEEEEING.
  1802 | D:2      | Reached skill level 4 in Axes
  2020 | D:2      | Found a shimmering altar of Xom.
  2259 | D:2      | 2259 ||| Stepping ~*~*~tactically~*~*~ (stealth).
  2260 | D:2      | 2260 ||| Stepping ~*~*~tactically~*~*~ (stealth).
  2365 | D:2      | 2365 ||| READING scroll labelled XISYEM JOQIUN.
  2366 | D:2      | 2366 ||| READING scroll labelled JUKYOBIUWY.
  2402 | D:3      | 2402 ||| PLANNING SEWER
  2404 | D:3      | 2404 ||| STAIRDANCE
  2415 | D:3      | 2415 ||| STAIRDANCE
  2456 | D:3      | You fall into a shaft and drop 2 floors!
  2456 | D:5      | Entered Level 5 of the Dungeon
  2489 | D:5      | Reached XP level 5. HP: 28/32 MP: 5/5
  2587 | D:5      | 2587 ||| Stepping ~*~*~tactically~*~*~ (stealth).
  2605 | D:5      | Reached skill level 5 in Axes
  2799 | D:5      | 2799 ||| UPGRADING to +0 helmet.
  2804 | D:5      | 2804 ||| READING 2 scrolls labelled ZOVITR QOJYSS.
  2855 | D:5      | 2855 ||| DROPPING scroll of torment.
  2882 | D:4      | Reached XP level 6. HP: 38/38 MP: 6/6
  2935 | D:4      | Noticed Ijyb
  2954 | D:4      | Killed Ijyb
  2955 | D:4      | Reached skill level 1 in Dodging
  2975 | D:4      | 2975 ||| Stepping ~*~*~tactically~*~*~ (stealth).
  2977 | D:4      | 2977 ||| Stepping ~*~*~tactically~*~*~ (hiding).
  3186 | D:4      | 3186 ||| READING 2 scrolls labelled VUKLAFE KUVVA.
  3187 | D:4      | 3187 ||| DROPPING scroll of vulnerability.
  3196 | D:3      | 3196 ||| RIP SEWER
  3197 | D:3      | 3197 ||| PLANNING D:1-11
  3295 | D:3      | 3295 ||| Stepping ~*~*~tactically~*~*~ (stealth).
  3554 | D:3      | 3554 ||| Stepping ~*~*~tactically~*~*~ (hiding).
  3558 | D:3      | 3558 ||| Stepping ~*~*~tactically~*~*~ (stealth).
  3572 | D:3      | 3572 ||| DRINKING potion of curing.
  3572 | D:3      | 3572 ||| (to cure confusion)
  3709 | D:3      | Identified the +2 leather armour of Agoraphobia {*Slow
                  | Str+3 SInv}
  3859 | D:3      | Reached skill level 6 in Axes
  3959 | D:3      | 3959 ||| Stepping ~*~*~tactically~*~*~ (water).
  3962 | D:3      | 3962 ||| DROPPING +2 leather armour of Agoraphobia {*Slow
                  | Str+3 SInv}.
  4113 | D:4      | Reached XP level 7. HP: 43/43 MP: 7/7
  4250 | D:4      | 4250 ||| FLEEEEING.
  4251 | D:4      | 4251 ||| FLEEEEING.
  4252 | D:4      | 4252 ||| FLEEEEING.
  4253 | D:4      | 4253 ||| FLEEEEING.
  4254 | D:4      | 4254 ||| FLEEEEING.
  4255 | D:4      | 4255 ||| FLEEEEING.
  4256 | D:4      | 4256 ||| FLEEEEING.
  4257 | D:4      | 4257 ||| FLEEEEING.
  4258 | D:4      | 4258 ||| FLEEEEING.
  4259 | D:4      | 4259 ||| FLEEEEING.
  4660 | D:4      | 4660 ||| READING scroll labelled KIARO PUZATY.
  4661 | D:4      | 4661 ||| READING scroll labelled UNISHR YMNO.
  4662 | D:4      | 4662 ||| READING scroll labelled XOIGUE NYGET.
  4891 | D:5      | HP: 8/43 [gnoll sergeant/+2 spear of freezing (3)]
  4891 | D:5      | HP: 3/43 [gnoll sergeant/+2 spear of freezing (1)]
  4891 | D:5      | Slain by a gnoll

Levels and vault maps discovered:
D:1:      eino_arrival_tree_alley, layout_basic,
          shapermc_ecumenical_altar_rom_forum
D:2:      minmay_roachtagon, layout_loops_corners, basic_altar
D:3:      layout_rooms, gup_sewer_entry_spiral, minmay_misc_feat_nine_boxes,
          minmay_fractal_squares_5
D:4:      layout_basic, kennysheep_opposing_triangles, uniq_ijyb
D:5:      layout_loops_corners, hangedman_decor_opposing,
          uniq_crazy_yiuf_cottage, uniq_blork_the_orc, uniq_duvessa

Skill      XL: |  1  2  3  4  5  6 |
---------------+-------------------+-----
Axes           | 2 3 4 5 6 |  6.9
Fighting       | 4 |  4.1
Dodging        | 1 |  1.1
Armour         | |  3.2
Shields        | |  3.2

Action                   |  1- 3 |  4- 6 |  7- 9 || total
-------------------------+-------+-------+-------++-------
Melee: War axe           |   136 |   228 |    70 ||   434
Throw: Boomerang         |       |    41 |    16 ||    57
  Use: Scroll            |     2 |     4 |     3 ||     9
       Potion            |     1 |     1 |       ||     2
Armor: Scale mail        |    62 |   112 |    44 ||   218
Dodge: Dodged            |    67 |   103 |    37 ||   207
Block: Buckler           |    20 |    32 |     9 ||    61

Table legend:
 A = Non-vault XP
 B = Vault XP
 C = Vault XP percentage of total XP
 D = Non-vault monster count
 E = Vault monster count
 F = Vault count percentage of total count
                 A         B        C        D         E       F
            +---------+---------+-------+---------+---------+-------
      Total |     785 |     120 |  13.3 |     111 |      25 |  18.4
            +---------+---------+-------+---------+---------+-------
        D:1 |      54 |       0 |   0.0 |      32 |       0 |   0.0
        D:2 |      62 |      20 |  24.4 |      19 |      10 |  34.5
        D:3 |     206 |      42 |  16.9 |      22 |      10 |  31.2
        D:4 |     162 |      58 |  26.4 |      27 |       5 |  15.6
        D:5 |     301 |       0 |   0.0 |      11 |       0 |   0.0
            +---------+---------+-------+---------+---------+-------
